 Dungeon Crawl Stone Soup version 0.30.1-9-gdf580d7c3d (webtiles) character file.

Game seed: 2999073473257291140

9615 Chiseanne the Fighter (level 11, -13/96 HPs)
             Began as a Demonspawn Wanderer on Oct 16, 2023.
             Was an Initiate of Gozag.
             Mangled by a boulder beetle (17 damage)
             ... on level 12 of the Dungeon.
             The game lasted 00:27:43 (12342 turns).

Chiseanne the Fighter (Demonspawn Wanderer)        Turns: 12342, Time: 00:27:44

Health: -13/96     AC: 12    Str: 15    XL:     11   Next: 25%
Magic:  15/15      EV: 15    Int: 13    God:    Gozag
Gold:   348        SH:  8    Dex: 21    Spells: 16/16 levels left

rFire   . . .        a - +2 rapier (elec)
rCold   . . .        (no shield)
rNeg    . . .        g - +2 swamp dragon scales
rPois   +            (no helmet)
rElec   .            (no cloak)
rCorr   .            (no gloves)
SInv    .            (no boots)
Will    .....        (no amulet)
Stlth   +            f - +5 ring of evasion
HPRegen 0.36/turn    k - +6 ring of dexterity
MPRegen 0.14/turn

%: no passive effects
@: no status effects
A: hooves 2, large bone plates 3, ignite blood 1, powered by pain 2
a: Renounce Religion, Potion Petition, Call Merchant, Bribe Branch


You were on level 12 of the Dungeon.
You worshipped Gozag.
Gozag was aware of your devotion.
You visited 2 branches of the dungeon, and saw 14 of its levels.

You collected 1049 gold pieces.
You spent 563 gold pieces at shops.
You paid 138 gold pieces to Gozag.

Inventory:

Hand Weapons
 a - a +2 rapier of electrocution (weapon)
 d - a +2 flail of protection
 s - a +0 scimitar of flaming
 w - a +0 sling
Missiles
 b - 8 boomerangs
 h - 61 stones (quivered)
 i - 6 atropa-tipped darts
 o - a throwing net
Armour
 g - +2 swamp dragon scales (worn)
 l - a +2 scale mail of cold resistance
 v - the +0 leather armour "Neust" {rF+ Str+7}
   (You took it off a wight on level 9 of the Dungeon)

   Str:       It affects your strength (+7).
   rF:        It protects you from fire.
Jewellery
 f - a +5 ring of evasion (left hand)
 k - a +6 ring of dexterity (right hand)
 q - a +5 ring of evasion
Wands
 n - a wand of iceblast (11)
 r - a wand of flame (7)
Scrolls
 e - a scroll of immolation
 m - 3 scrolls of identify
 p - 2 scrolls of poison
 t - a scroll of fog
 u - a scroll of magic mapping
 x - a scroll of silence
Potions
 j - 3 potions of flight
 A - a potion of brilliance
 B - a potion of resistance


   Skills:
 * Level 12.5 Fighting
 - Level 1.0 Short Blades
 * Level 11.5 Armour
 - Level 1.0 Stealth
 - Level 3.0 Spellcasting
 - Level 2.6 Fire Magic


You had 16 spell levels left.
You didn't know any spells.
Your spell library contained the following spells:

 Spells                   Type           Power      Damage    Failure   Level
 Scorch                   Fire           16%        2d6       19%         2
 Foxfire                  Conj/Fire      20%        2x1d5     22%         1
 Necrotise                Necr           4%         1d4       36%         1
 Cigotuvi's Dreadful Rot  Necr/Pois/Air  2%         N/A       50%         2
 Sublimation of Blood     Necr           1%         N/A       50%         2
 Wereblood                Tmut           1%         N/A       50%         2
 Vampiric Draining        Necr           1%         2d6       75%         3
 Sticky Flame             Conj/Fire      5%         2d3       91%         4
 Dispel Undead            Necr           1%         3d6       98%         4
 Agony                    Necr           1%         N/A       100%        5
 Death Channel            Necr           0%         N/A       100%        6
 Summon Hydra             Summ           0%         N/A       100%        7


Dungeon Overview and Level Annotations

Branches:
Dungeon (13/15)            Temple (1/1) D:7            Lair (0/5) D:9
    Orc: D:9-12      Vaults: D:13-14

Altars:
Ashenzari
Cheibriados
Dithmenos
Fedhas
Gozag
Hepliaklqana
Kikubaaqudgha
Makhleb
Nemelex Xobeh
Okawaru
Qazlal
Ru
Sif Muna
Trog
Uskayaw
Vehumet
Wu Jian
Xom
Yredelemnul

Shops:
D:2 :   D:4 *   D:5 !?   D:8 [

Annotations:
D:3 Sigmund
D:11 Maurice
D:12 exclusion: two-headed ogre


Innate Abilities, Weirdness & Mutations

You have hoof-like feet.
You are completely covered in large bone plates. (SH +8)
Your demonic aura sometimes causes spilled blood to erupt in flames.
You sometimes gain power by taking damage.


Message History

You barely miss the boulder beetle.
You kick the boulder beetle, but do no damage.
The boulder beetle is lightly wounded.
The boulder beetle completely misses you.
The boulder beetle bites you.
You hit the boulder beetle but do no damage.
You kick the boulder beetle, but do no damage.
The boulder beetle is lightly wounded.
The boulder beetle bites you!
You hit the boulder beetle but do no damage.
The boulder beetle is lightly wounded.
The boulder beetle bites you!
You barely miss the boulder beetle.
You kick the boulder beetle, but do no damage.
The boulder beetle is lightly wounded.
The boulder beetle bites you.
You hit the boulder beetle.
The boulder beetle is moderately wounded.
The boulder beetle bites you!!
* * * LOW HITPOINT WARNING * * *
Okay, then.
You hit the boulder beetle but do no damage.
You kick the boulder beetle, but do no damage.
The boulder beetle is moderately wounded.
The boulder beetle is engulfed in blazing flames.
You block the boulder beetle's attack.
You barely miss the boulder beetle.
You kick the boulder beetle, but do no damage.
The boulder beetle is moderately wounded.
The boulder beetle is engulfed in blazing flames.
The boulder beetle misses you.
The boulder beetle is engulfed in blazing flames.
The boulder beetle bites you!
* * * LOW HITPOINT WARNING * * *
You hit the boulder beetle but do no damage.
You kick the boulder beetle.
The boulder beetle is heavily wounded.
The boulder beetle bites you!
You die...
Your body crumbles into a pile of gold.

.. ##+###..... ... #.........#
<...#......>.. ....#.......#..
...............
............... ........#
#.##### ########## ........#
#.....###.#....... .........#
#@........#.......
.........###B................
........B.....................
..#..............##...........
.................##.....##....
.................##.....##..##
..............#####.....##....
..#.......##########..........
...............#...#..........


You could see a boulder beetle.

Vanquished Creatures
  Erica (D:8)
  2 two-headed ogres
  Pikel (D:8)
  A cyclops (D:12)
  An elephant (D:9)
  Maggie (D:8)
  A komodo dragon (D:11)
  Grinder (D:3)
  A wyvern (D:8)
  7 yaks
  A wraith (D:9)
  2 steam dragons
  A basilisk (D:9)
  4 vampire mosquitoes (D:12)
  4 water moccasins
  An ice beast (D:6)
  A sky beast (D:6)
  An orc warrior (D:9)
  A black bear (D:9)
  2 ogres
  A centaur (D:9)
  A phantom (D:7)
  4 bullfrogs
  5 scorpions
  14 wights
  6 killer bees (D:8)
  6 howler monkeys
  A jelly (D:5)
  4 hounds
  4 orc priests
  3 iguanas
  2 gnoll boudas
  2 sleepcaps (D:6)
  5 orc wizards
  12 gnolls
  10 adders
  A white imp (D:5)
  4 ufetubi
  2 worms
  4 dart slugs
  37 orcs
  2 bats
  8 endoplasms
  2 giant cockroaches
  6 hobgoblins
  4 jackals (D:2)
  6 kobolds
  3 quokkas
  4 ball pythons
  5 frilled lizards
  5 goblins
  2 goblin zombies (D:8)
  7 rats
217 creatures vanquished.

Vanquished Creatures (others)
  An orc wizard (D:7)
1 creature vanquished.

Grand Total: 218 creatures vanquished

Notes
Turn   | Place    | Note
-------+----------+-------------------------------------------
     0 | D:1      | Chiseanne the Demonspawn Wanderer began the quest for the
                  | Orb.
     0 | D:1      | Chiseanne set off with the following items: a +0 short
                  | sword, a +0 scale mail, a scroll of teleportation; and the
                  | following spell memorised: Foxfire; and the following
                  | spells available to memorise: Scorch, Sticky Flame.
     0 | D:1      | Reached XP level 1. HP: 15/15 MP: 4/4
   127 | D:1      | Found a faded altar of an unknown god.
   276 | D:1      | Gained mutation: You are partially covered in large bone
                  | plates. (SH +4) [demonic ancestry]
   276 | D:1      | Reached XP level 2. HP: 15/21 MP: 6/6
   688 | D:1      | Reached skill level 2 in Fighting
  1138 | D:2      | Gained mutation: You are mostly covered in large bone
                  | plates. (SH +6) [demonic ancestry]
  1138 | D:2      | Reached XP level 3. HP: 27/27 MP: 7/7
  1818 | D:2      | Found Bupt's Book Shoppe.
  1981 | D:3      | Noticed Sigmund
  2085 | D:3      | Reached skill level 3 in Fighting
  2085 | D:3      | Gained mutation: You have large cloven feet. [demonic
                  | ancestry]
  2085 | D:3      | Reached XP level 4. HP: 20/35 MP: 8/8
  2329 | D:3      | Reached XP level 5. HP: 41/41 MP: 9/9
  2481 | D:3      | Noticed Grinder
  2526 | D:3      | Paralysed by Grinder for 4 turns
  2533 | D:3      | Killed Grinder
  2534 | D:3      | Reached skill level 4 in Fighting
  2534 | D:3      | Reached XP level 6. HP: 22/49 MP: 10/10
  3357 | D:5      | Entered Level 5 of the Dungeon
  3388 | D:4      | Reached skill level 5 in Fighting
  3436 | D:5      | Gained mutation: Your demonic aura sometimes causes spilled
                  | blood to erupt in flames. [demonic ancestry]
  3436 | D:5      | Reached XP level 7. HP: 56/56 MP: 11/11
  3542 | D:4      | Found Dong's Mayhem Merchandise.
  3565 | D:4      | Reached skill level 5 in Armour
  4066 | D:4      | Found an ancient bone altar of Kikubaaqudgha.
  4356 | D:5      | Reached skill level 6 in Fighting
  4437 | D:5      | Gained mutation: You sometimes gain a little power by
                  | taking damage. [demonic ancestry]
  4437 | D:5      | Reached XP level 8. HP: 61/65 MP: 12/12
  4467 | D:5      | Found Kuyt's Magic Scroll Shop.
  5110 | D:5      | Found Vygianwung's Distillery.
  5248 | D:6      | Reached skill level 7 in Fighting
  5901 | D:6      | Reached skill level 8 in Fighting
  6176 | D:7      | Found a staircase to the Ecumenical Temple.
  6199 | Temple   | Entered the Ecumenical Temple
  6458 | D:7      | Gained mutation: You are completely covered in large bone
                  | plates. (SH +8) [demonic ancestry]
  6458 | D:7      | Reached XP level 9. HP: 41/75 MP: 13/13
  6844 | D:7      | Found a sparkling altar of Nemelex Xobeh.
  7100 | D:8      | Found Efuv Fom's Antique Armour Shoppe.
  7111 | D:8      | Chiseanne: you stupid fuckers
  7111 | D:8      | Chiseanne: of copurse no gozak for me
  7121 | D:8      | Noticed Erica
  7378 | D:8      | Reached skill level 9 in Fighting
  7683 | D:8      | Noticed Maggie
  7797 | D:8      | Killed Maggie
  7987 | D:8      | Reached skill level 10 in Fighting
  8092 | D:8      | Killed Erica
  8093 | D:8      | Gained mutation: You sometimes gain power by taking damage.
                  | [demonic ancestry]
  8093 | D:8      | Reached XP level 10. HP: 45/86 MP: 14/14
  8431 | D:8      | Found an opulent altar of Gozag.
  8444 | D:8      | Noticed Pikel
  8450 | D:8      | Became a worshipper of Gozag Ym Sagoz the Greedy
  8476 | D:8      | Killed Pikel
  8657 | D:8      | Reached skill level 10 in Armour
  8666 | D:8      | Reached skill level 11 in Fighting
 10074 | D:9      | Found a flagged portal.
 10080 | D:9      | Identified the +0 scale mail of Repn {Contam Harm +Inv
                  | Int-5}
 10157 | D:9      | Found a staircase to the Lair.
 10167 | D:9      | Noticed an elephant
 10181 | D:9      | Killed an elephant
 10319 | D:9      | Identified the +0 leather armour "Neust" {rF+ Str+7}
 11088 | D:5      | Bought a scroll of enchant armour for 75 gold pieces
 11088 | D:5      | Bought a scroll of enchant armour for 75 gold pieces
 11088 | D:5      | Bought a scroll of enchant weapon for 75 gold pieces
 11088 | D:5      | Bought a scroll of teleportation for 30 gold pieces
 11088 | D:5      | Bought a scroll of magic mapping for 75 gold pieces
 11088 | D:5      | Bought a scroll of teleportation for 30 gold pieces
 11091 | D:5      | Bought a scroll of silence for 95 gold pieces
 11120 | D:5      | Bought 2 potions of curing for 72 gold pieces
 11120 | D:5      | Bought a potion of curing for 36 gold pieces
 11182 | D:10     | Entered Level 10 of the Dungeon
 11188 | D:10     | You fall into a shaft and drop 3 floors!
 11224 | D:13     | Noticed a two-headed ogre
 11228 | D:13     | Killed a two-headed ogre
 11229 | D:13     | Reached skill level 12 in Fighting
 11229 | D:13     | Gained mutation: You have hoof-like feet. [demonic
                  | ancestry]
 11229 | D:13     | Reached XP level 11. HP: 80/95 MP: 15/15
 11293 | D:12     | Noticed a two-headed ogre
 11628 | D:12     | Killed a two-headed ogre
 11876 | D:11     | Noticed Maurice
 11888 | D:11     | Chiseanne: you are super fuckers..just idiots
 11888 | D:11     | Chiseanne: fuck you..die you fuckers
 11893 | D:11     | Noticed a harpy
 11897 | D:11     | HP: 4/96 [harpy (shapeshifter) (6)]
 11967 | D:12     | Chiseanne: you are just disgusting shit
 11967 | D:12     | Chiseanne: bottom feeders
 11967 | D:12     | Chiseanne: fuck you idiots
 12311 | D:12     | Noticed a boulder beetle
 12341 | D:12     | HP: 3/96 [boulder beetle (12)]
 12342 | D:12     | Mangled by a boulder beetle

Illustrated notes

Levels and vault maps discovered:
D:1:      dpeg_arrival_line_fractal, layout_loops_ring,
          shapermc_ecumenical_altar_acropolis
D:2:      layout_loops_corners, serial_shops, shop
D:3:      layout_basic, uniq_sigmund, uniq_grinder
D:4:      cheibrodos_quashed, layout_cave_pods, overflow_temple_1_default,
          minmay_misc_feat_chi, minmay_shop_mayhem
D:5:      layout_rooms, serial_shops, kennysheep_mini_moat, kennysheep_diamond
D:6:      layout_basic, elyvilon_altar_1, amcnicky_mini_pool_small
D:7:      layout_gridville, nemelex_dance_club_becter,
          minmay_temple_entry_sparse_star
D:8:      layout_basic, overflow_temple_1_default, enter_ossuary_4,
          serial_shops, nicolae_shop_tiny_real_fake_doors,
          serial_co_window_serial, co_window_cross_1, co_window_paths_a,
          co_window_corner_a, co_window_paths_a, co_window_paths_a,
          co_window_broadway_b, co_window_broadway_c,
          co_window_of_opportunity_b, co_window_broadway_b, glass_columns_b,
          glass_columns_c, grunt_ministairs_14, uniq_erica, uniq_pikel,
          uniq_maggie
D:9:      layout_loops_ring, david_lair_generic, enter_bailey_8, nrook_campfire,
          kennysheep_minor_cross
D:10:     layout_roguey
D:11:     regret_index_bee_streams, layout_cross, uniq_maurice
D:12:     layout_basic, david_orc_5
D:13:     layout_rooms, gammafunk_ghost_hydra_chop
Temple:   regret_index_temple_chain_breaker

Skill      XL: |  1  2  3  4  5  6  7  8  9 10 |
---------------+-------------------------------+-----
Fighting       | 2 3 4 5 6 8 10 12 | 12.5
Armour         | 2 3 4 6 7 9 11 | 11.5
Short Blades   | |  1.0
Stealth        | |  1.0
Spellcasting   | |  3.0
Fire Magic     | |  2.6

Action                     |  1- 3 |  4- 6 |  7- 9 | 10-12 || total
---------------------------+-------+-------+-------+-------++-------
  Melee: Short sword       |    67 |       |       |       ||    67
         Mace              |    33 |       |       |       ||    33
         Rapier            |    79 |   118 |   388 |   257 ||   842
         Kick              |       |    32 |   122 |   113 ||   267
         Punch             |       |       |     6 |     2 ||     8
  Throw: Stone             |       |       |     1 |     2 ||     3
  Evoke: Wand              |       |       |     2 |       ||     2
    Use: Scroll            |     6 |     3 |    12 |    11 ||    32
         Potion            |       |       |     6 |     4 ||    10
   Stab: Sleeping          |       |       |       |     1 ||     1
         Distracted        |       |       |       |     1 ||     1
 Armour: Scale mail        |    68 |    28 |   118 |    13 ||   227
         Swamp dragon scal |       |       |       |    83 ||    83
  Dodge: Dodged            |   104 |    40 |   265 |   245 ||   654
  Block: Other             |    46 |    29 |   146 |   124 ||   345
